[Event "Late-Titled-Tuesday-Blitz-March-19-2024"]
[Site "Chess.com"]
[Date "2024.03.19"]
[Round "8"]
[White "C_K_G"]
[Black "AndresDelgado77"]
[Result "1-0"]
[WhiteElo "2224"]
[BlackElo "2329"]
[TimeControl "180+1"]
[EndTime "15:27:17 PDT"]
[Termination "C_K_G won on time"]

1. e4 e6 2. Nf3 d5 3. Nc3 Nf6 4. e5 Nfd7 5. d4 c5 6. Bg5 Qa5 7. dxc5 Bxc5 8. Qd2 Nc6 9. Bb5 Bb4 10. Bxc6 bxc6 11.
O-O Ba6 12. Rfd1 Nc5 13. Nd4 Ne4 14. Nxc6 Qc5 15. Nxe4 Bxd2 16. Nxc5 Bxg5 17. Nxa6 Kd7 18. Nd4 Rhc8 19. c3 Rc4 20. Nb4 a5 21. Nd3 a4 22. a3 Rb8 23. Kf1 Be7 24. Ke2 f6 25. g3 Rb6 26. f4 Ke8 27. Rd2 Kf7 28. Ke3 Rc8 29. g4 Rcb8 30. Re2 fxe5 31. Nxe5+ Ke8 32. Nd3 Bd6 33. Kf3 Kd7 34. Nxe6 Bxa3 35. Rxa3 Rxe6 36. Rxe6 Kxe6 37. Rxa4 1-0

[Event "Late-Titled-Tuesday-Blitz-March-19-2024"]
[Site "Chess.com"]
[Date "2024.03.19"]
[Round "8"]
[White "Statham_01"]
[Black "nindjaxx8"]
[Result "1-0"]
[WhiteElo "2583"]
[BlackElo "2656"]
[TimeControl "180+1"]
[EndTime "15:27:22 PDT"]
[Termination "Statham_01 won on time"]

1. e4 e6 2. d4 d5 3. Bd3 dxe4 4. Bxe4 Nf6 5. Bf3 Be7 6. Ne2 O-O 7. Bf4 c6 8. Nbc3 b6 9. Qd2 Bb7 10. O-O-O a5 11.
g4 a4 12. h4 Nd5 13. Bxd5 cxd5 14. g5 b5 15. Nxb5 Qb6 16. Nbc3 Nc6 17. h5 Na5 18. Nxa4 Qc6 19. Nac3 Nc4 20. Qd3 Ba6 21. g6 Nxb2 22. Qg3 Ba3 23. gxh7+ Kh8 24. Rdg1 Nc4+ 25. Kd1 Nb2+ 26.
Ke1 g5 27. Be5+ f6 28. Qxg5 Rf7 29. Qg8+ 1-0

[Event "Late-Titled-Tuesday-Blitz-March-19-2024"]
[Site "Chess.com"]
[Date "2024.03.19"]
[Round "8"]
[White "MightyMike_009"]
[Black "ArmanGhevondyanchess"]
[Result "0-1"]
[WhiteElo "2748"]
[BlackElo "2607"]
[TimeControl "180+1"]
[EndTime "15:27:23 PDT"]
[Termination "ArmanGhevondyanchess won by checkmate"]

1. d4 Nf6 2. c4 g6 3. Nc3 d5 4. cxd5 Nxd5 5. e4 Nxc3 6. bxc3 Bg7 7. Nf3 O-O 8. h3 c5 9. Be3 cxd4 10. cxd4 b6 11. Be2 Bb7 12. e5 Nc6 13. O-O Rc8 14.
Rc1 Na5 15. Qd2 Qd5 16. Bh6 Rfd8 17. Bxg7 Kxg7 18. Rfd1 Nc4 19. Bxc4 Rxc4 20. Rxc4 Qxc4 21. Rc1 Qd5 22. Rc7 Rd7 23. Qc2 Qb5 24. e6 Rxc7 25. Qxc7 Bxf3 26. Qxe7 Qf5 27. gxf3 Qxe6 28. Qh4 Qxa2 29.
Qe4 Qe6 30. Qb7 a5 31. d5 Qe5 32. Qc6 a4 33. d6 a3 34. d7 a2 35. d8=Q a1=Q+ 36. Kg2 Qee1 37. Kg3 Qg1+ 38. Kf4 Qh2+ 39. Ke3 Qe1+ 40.
Kd4 Qhe5+ 41. Kc4 Q1c3# 0-1

[Event "Late-Titled-Tuesday-Blitz-March-19-2024"]
[Site "Chess.com"]
[Date "2024.03.19"]
[Round "8"]
[White "DryCounty"]
[Black "MalyDominator"]
[Result "1-0"]
[WhiteElo "2659"]
[BlackElo "2532"]
[TimeControl "180+1"]
[EndTime "15:27:23 PDT"]
[Termination "DryCounty won on time"]

1. e4 c5 2. Nf3 d6 3. d4 cxd4 4.
Nxd4 Nf6 5. Nc3 Nc6 6. Be2 e5 7. Nf3 h6 8. O-O Be7 9. Re1 O-O 10. h3 Be6 11. Bf1 Qd7 12. Nd5 Bd8 13. c4 Nh7 14. Be3 Ng5 15. Nxg5 Bxg5 16. Qh5 Bxe3 17. Rxe3 Bxd5 18.
exd5 Nd4 19. Rd1 Qf5 20. Qxf5 Nxf5 21. Rb3 b6 22. Ra3 Nd4 23. f4 f6 24. b4 g5 25. g3 Kf7 26. c5 bxc5 27. bxc5 dxc5 28. fxe5 fxe5 29. Ra6 Kg7 30. Bd3 Rf6 31. Ra5 Rf3 32. Kg2 Raf8 33. Rxa7+ Kh8 34. Rd2 Re3 35. d6 Rff3 36.
d7 Rxg3+ 37. Kf1 Rgf3+ 38. Rf2 Ne6 39. Bc4 Rxf2+ 40. Kxf2 1-0

[Event "Late-Titled-Tuesday-Blitz-March-19-2024"]
[Site "Chess.com"]
[Date "2024.03.19"]
[Round "8"]
[White "Piriflillo"]
[Black "Redzishchess"]
[Result "1-0"]
[WhiteElo "2391"]
[BlackElo "2493"]
[TimeControl "180+1"]
[EndTime "15:27:23 PDT"]
[Termination "Piriflillo won on time"]

1. Nf3 b6 2. b3 Bb7 3. Bb2 Nf6 4.
e3 g6 5. c4 c5 6. Nc3 Bg7 7. d4 cxd4 8. Nxd4 O-O 9. Qc2 d5 10.
Rd1 Nbd7 11. f3 Rc8 12. Be2 e5 13. Ndb5 Nc5 14. cxd5 a6 15. Na7 Rc7 16. Nc6 Bxc6 17.
dxc6 Qe7 18. O-O Rxc6 19. e4 Rfc8 20. Qb1 Ne6 21. Nd5 Qf8 22. Bxe5 Nh5 23. Bxg7 Kxg7 24. Qb2+ f6 25. Rc1 Nhf4 26. Rxc6 Rxc6 27. Rd1 Qc5+ 28. Kf1 Qc2 29. Rd2 Qc1+ 30. Qxc1 Rxc1+ 31. Rd1 Rc2 32. Bxa6 Nxg2 33. Bd3 Nef4 34. Bxc2 1-0

[Event "Late-Titled-Tuesday-Blitz-March-19-2024"]
[Site "Chess.com"]
[Date "2024.03.19"]
[Round "8"]
[White "Burgsvik"]
[Black "shirovin"]
[Result "1-0"]
[WhiteElo "2280"]
[BlackElo "2037"]
[TimeControl "180+1"]
[EndTime "15:27:23 PDT"]
[Termination "Burgsvik won on time"]

1. e4 Nf6 2. Nc3 d5 3. e5 Nfd7 4. f4 c5 5. Nf3 d4 6. Ne4 b6 7.
Qe2 Bb7 8. Nd6+ exd6 9. exd6+ Be7 10. dxe7 Qxe7 11. Qxe7+ Kxe7 12. Be2 Nc6 13. O-O Nb4 14. Bd1 Rhe8 15. d3 Kf8 16. a3 Nd5 17. Ng5 Ne3 18.
Bxe3 dxe3 19. Re1 h6 20. Ne4 Bxe4 21. dxe4 Rxe4 22. Bf3 Rae8 23. Bxe4 Rxe4 24. Rad1 Nf6 25. Rd8+ Ke7 26. Ra8 Nd5 27. Rxa7+ Ke6 28. g3 Kf5 29. Rxf7+ Kg4 30. Kg2 g5 31. h3+ Kh5 32. fxg5 hxg5 33. g4+ Kg6 34. Rf3 Nf4+ 35. Kg3 e2 36. Kf2 Rc4 37.
Rxf4 Rxf4+ 38. Kxe2 Rf8 39. Kd2 Rh8 40. Re3 Rd8+ 41. Kc3 b5 42. Re5 Rh8 43. Rxc5 Rxh3+ 44. Kb4 Rg3 45. Rxb5 Rxg4+ 46. c4 Re4 47. b3 g4 48. Rb8 Kf5 49. Rf8+ Kg5 50. a4 g3 51. a5 Rg4 52. Rf1 g2 53. Rg1 Kf4 54. a6 Kf3 55. a7 Rg8 56. Kb5 Kf2 57. Rxg2+ Kxg2 58. c5 Kf3 59. Kb6 Ke4 60. b4 Kd5 61. b5 Rf8 62.
c6 Kc4 63. c7 Rg8 64. Kb7 1-0

[Event "Late-Titled-Tuesday-Blitz-March-19-2024"]
[Site "Chess.com"]
[Date "2024.03.19"]
[Round "8"]
[White "Adar_07"]
[Black "Matrix3x3a"]
[Result "1-0"]
[WhiteElo "2830"]
[BlackElo "2609"]
[TimeControl "180+1"]
[EndTime "15:27:29 PDT"]
[Termination "Adar_07 won by resignation"]

1. e4 c5 2. Nf3 d6 3. Bb5+ Nd7 4. O-O a6 5. Bd3 Ngf6 6. c3 Qc7 7. Re1 e6 8. Bc2 Be7 9. d4 O-O 10. e5 Nd5 11. Nbd2 b5 12. Ne4 cxd4 13. cxd4 dxe5 14.
dxe5 Bb7 15. Bg5 Rac8 16. Rc1 Nc5 17. Bb1 h6 18. Bxe7 Qxe7 19. Nd6 Rc7 20. b4 Na4 21. Rxc7 Qxc7 22. Qd3 g6 23. Nh4 Ne7 24. Qe3 Qc6 25. Be4 Nd5 26. Qxh6 Qc3 27. Rc1 Qxe5 28. Nxg6 fxg6 29.
Bxg6 Nf6 30. Nxb7 Nc3 31. Rf1 Ne2+ 32. Kh1 Nf4 33. Nc5 Qe2 34. Rg1 Qg4 35. Nd7 Qxg6 36.
Qxf8+ Kh7 37. Nxf6+ Qxf6 38. Qxf6 Ng6 39. Qf7+ 1-0

[Event "Late-Titled-Tuesday-Blitz-March-19-2024"]
[Site "Chess.com"]
[Date "2024.03.19"]
[Round "8"]
[White "DenLaz"]
[Black "Zohid6"]
[Result "1-0"]
[WhiteElo "3104"]
[BlackElo "2889"]
[TimeControl "180+1"]
[EndTime "15:27:30 PDT"]
[Termination "DenLaz won on time"]

1. d4 d5 2. c4 e6 3. Nf3 Nf6 4. g3 Be7 5. Bg2 O-O 6. O-O dxc4 7. Qc2 a6 8. a4 Bd7 9. Qxc4 Bc6 10. Bg5 Nbd7 11.
Rd1 h6 12. Bxf6 Nxf6 13. Nbd2 a5 14. Qd3 Bb4 15. e4 Qe7 16. Ne5 Rfd8 17. Nxc6 bxc6 18. Nc4 c5 19. d5 exd5 20. exd5 Rab8 21. Qf3 Ne8 22.
Bf1 Nd6 23. Ne3 Re8 24. Rac1 Qe4 25. Qxe4 Rxe4 26. Bd3 Re7 27. Kg2 g6 28. Rc2 Rbe8 29. Bb5 Rb8 30. Bd3 Rbe8 31. h4 h5 32. Kf3 Kg7 33.
Re2 Rb8 34. Rc1 Rbe8 35. Bb5 Nxb5 36. axb5 Kf8 37. Rcc2 Rb8 38. Nc4 Rxb5 39. Rxe7 Kxe7 40. Re2+ Kf8 41. g4 hxg4+ 42. Kxg4 a4 43. h5 gxh5+ 44. Kxh5 Ba5 45. Kg5 Bb6 46. Kf6 Rb4 47. Re4 Ba7 48. Rh4 Kg8 49. Ke7 f5 50. Ke6 Bb6 51. Kxf5 Kg7 52.
Ke6 Rb3 53. Kd7 Rg3 54. fxg3 1-0

[Event "Late-Titled-Tuesday-Blitz-March-19-2024"]
[Site "Chess.com"]
[Date "2024.03.19"]
[Round "8"]
[White "Thjop"]
[Black "subham777"]
[Result "0-1"]
[WhiteElo "2628"]
[BlackElo "2540"]
[TimeControl "180+1"]
[EndTime "15:27:31 PDT"]
[Termination "subham777 won by resignation"]

1. d4 d5 2. Nf3 Nf6 3. g3 e6 4. Bg2 Be7 5. O-O O-O 6. c4 dxc4 7. Qc2 a6 8. Rd1 Bd7 9. Ne5 Bc6 10. Nxc6 Nxc6 11. Bxc6 bxc6 12. Qxc4 Qd5 13. Qc2 Qh5 14.
Kg2 c5 15. dxc5 Bxc5 16. h3 Rad8 17. Nc3 Bd4 18. Bd2 Rfe8 19. e3 Bb6 20. Be1 Qc5 21.
Rxd8 Rxd8 22. Rd1 Rxd1 23. Qxd1 Qc6+ 24. Qf3 Nd5 25. Nxd5 exd5 26. Bc3 Qd6 27. Qd1 h6 28. Qg4 d4 29. Bxd4 Qd5+ 30. Kh2 Bxd4 31. Qxd4 Qxa2 32.
Kg2 a5 33. Qd8+ Kh7 34. Qxc7 a4 35. Qc3 Qd5+ 36. Kh2 Qf3 37. Qc2+ Kg8 38. Kg1 Qa8 39. e4 g6 40. Qd3 h5 41. h4 Qc8 42. Qc3 Qxc3 0-1

[Event "Late-Titled-Tuesday-Blitz-March-19-2024"]
[Site "Chess.com"]
[Date "2024.03.19"]
[Round "8"]
[White "cthulhuuu"]
[Black "woodhy"]
[Result "0-1"]
[WhiteElo "2407"]
[BlackElo "2522"]
[TimeControl "180+1"]
[EndTime "15:27:31 PDT"]
[Termination "woodhy won on time"]

1. e4 e6 2. d3 d5 3. Nd2 Nf6 4.
Ngf3 c5 5. g3 b6 6. Bg2 Bb7 7. Qe2 Be7 8. O-O Nc6 9. c3 Qc7 10.
a3 O-O 11. e5 Nd7 12. Re1 a5 13. h4 Ba6 14. Nf1 b5 15. Bf4 b4 16. Ne3 bxc3 17.
bxc3 Nb6 18. h5 Rab8 19. Ng4 Na4 20. Bh6 gxh6 21. Qd2 Kh8 22. Qxh6 Rg8 23. Nf6 Rg7 24. Ng5 Bxd3 25. Be4 Bxe4 26. Rxe4 Bxf6 27. Nxh7 Rxh7 28. Qxf6+ Kg8 29. Rxa4 Qxe5 30. Rg4+ Kf8 31. Qf3 Qxh5 32. Re1 Ne5 33. Rxe5 Qxe5 0-1

[Event "Late-Titled-Tuesday-Blitz-March-19-2024"]
[Site "Chess.com"]
[Date "2024.03.19"]
[Round "8"]
[White "Kampkatten"]
[Black "chess94cu"]
[Result "0-1"]
[WhiteElo "2836"]
[BlackElo "2671"]
[TimeControl "180+1"]
[EndTime "15:27:32 PDT"]
[Termination "chess94cu won by resignation"]

1. Nf3 Nf6 2. g3 e6 3. Bg2 Be7 4. O-O O-O 5. c4 d5 6. d4 dxc4 7. Ne5 Nc6 8. Nxc6 bxc6 9. Na3 Bxa3 10. bxa3 Rb8 11. Qa4 Rb6 12. Rd1 Ba6 13. Bxc6 Nd5 14. Bxd5 Qxd5 15. f3 c3 16. e4 Qh5 17. Kg2 Be2 18.
g4 Bxf3+ 19. Kxf3 Qh3+ 20. Ke2 Qxg4+ 21. Kd3 f5 22. Kxc3 Qxe4 23. Rd3 Rfb8 24. Re3 Rc6+ 25. Kd2 Qg2+ 26. Re2 Qf3 27. Re3 Qh1 28. Re1 Qxh2+ 29. Re2 Qf4+ 30. Kd1 Qf1+ 31. Kd2 Rcb6 32. Qd1 Qf4+ 33.
Ke1 Qg3+ 34. Rf2 e5 35. dxe5 Qxe5+ 36. Kf1 Qxa1 37. Qd5+ Kh8 38. Qc4 Rb1 39. Kg2 Rxc1 0-1

[Event "Late-Titled-Tuesday-Blitz-March-19-2024"]
[Site "Chess.com"]
[Date "2024.03.19"]
[Round "8"]
[White "Vaathi_Coming"]
[Black "TregubovP"]
[Result "1-0"]
[WhiteElo "2891"]
[BlackElo "2687"]
[TimeControl "180+1"]
[EndTime "15:27:33 PDT"]
[Termination "Vaathi_Coming won by resignation"]

1. g3 d5 2. Bg2 Nf6 3. Nf3 Bf5 4. O-O e6 5. c4 Nc6 6. cxd5 exd5 7. d4 Bd6 8. Nc3 O-O 9. Bg5 Be6 10. Rc1 h6 11. Bxf6 Qxf6 12. Nb5 Rfd8 13. Qb3 Na5 14. Qc3 b6 15.
Ne5 a6 16. Nxd6 cxd6 17. Nd3 Rac8 18. Qb4 Nc4 19. b3 a5 20. Qe1 Na3 21. e3 Bf5 22. Nf4 Be4 23. Nxd5 Bxd5 24. Bxd5 Qf5 25. Bg2 Nc2 26. Qd2 Nb4 27. a3 Na6 28. Rxc8 Qxc8 29. Rc1 Qd7 30. h4 Nc7 31. Qc2 Nb5 32. Bc6 Nxa3 33.
Qb2 Qg4 34. Qxa3 Rc8 35. Bg2 Qe2 36. Rxc8+ 1-0

[Event "Late-Titled-Tuesday-Blitz-March-19-2024"]
[Site "Chess.com"]
[Date "2024.03.19"]
[Round "8"]
[White "Bryanl106"]
[Black "joksijoksi"]
[Result "0-1"]
[WhiteElo "2664"]
[BlackElo "2586"]
[TimeControl "180+1"]
[EndTime "15:27:33 PDT"]
[Termination "joksijoksi won by checkmate"]

1. e4 c5 2. Nf3 e6 3. d4 cxd4 4. Nxd4 a6 5. Bd3 Bc5 6. Nb3 Be7 7. O-O d6 8. f4 Nc6 9. Nc3 Nf6 10. Kh1 O-O 11. Be3 b5 12. Qf3 Bb7 13. a4 b4 14.
Ne2 e5 15. f5 d5 16. Ng3 Re8 17. Rad1 dxe4 18. Nxe4 Qc7 19. Nxf6+ Bxf6 20. Be4 Nd4 21. Bxd4 Bxe4 22. Qxe4 exd4 23. Qd3 Rad8 24. Rfe1 Qf4 25.
Kg1 h6 26. g3 Qg4 27. Qxa6 Rxe1+ 28. Rxe1 d3 29. cxd3 Bxb2 30. Qc4 Qxf5 31. Qxb4 Qxd3 32. Rf1 Bf6 33. a5 Bg5 34. Kg2 Qd5+ 35. Kh3 Qe6+ 36. Kg2 Rc8 37. Rf2 Be3 38. Re2 Qd5+ 39. Kh3 Bg1 40. Qg4 Rd8 41. Rd2 Qxd2 42. Nxd2 Rxd2 43. a6 Rxh2# 0-1

[Event "Late-Titled-Tuesday-Blitz-March-19-2024"]
[Site "Chess.com"]
[Date "2024.03.19"]
[Round "8"]
[White "egnfanclub"]
[Black "DeArron_Fox"]
[Result "0-1"]
[WhiteElo "2394"]
[BlackElo "2513"]
[TimeControl "180+1"]
[EndTime "15:27:33 PDT"]
[Termination "DeArron_Fox won by checkmate"]

1. e4 c5 2. Nc3 e6 3. f4 Nc6 4. Nf3 d5 5. Bb5 Ne7 6. exd5 exd5 7. Qe2 g6 8. Bxc6+ bxc6 9. Qe5 Rg8 10. O-O Bg7 11.
Qe1 Kf8 12. b3 Ba6 13. d3 Qa5 14. Ne5 f6 15. Nf3 Kf7 16. Bd2 Qc7 17. Qf2 Rge8 18. Rae1 c4 19. bxc4 dxc4 20. d4 Rad8 21. Ne4 c3 22.
Bxc3 Bxf1 23. Qxf1 Nd5 24. Bd2 Kg8 25. g3 Qb6 26. c3 f5 27. Nc5 Qb8 28. Ne5 Bxe5 29.
fxe5 Nc7 30. Bg5 Rd5 31. Qc4 Ne6 32. Bf6 Qb5 33. Qxb5 cxb5 34. Nd3 Kf7 35. Rc1 Rc8 36.
Nb4 Rxd4 37. Rc2 Rxb4 38. Rd2 Rb1+ 39. Kf2 Rxc3 40. Rd7+ Kg8 41. Rxa7 Rb2+ 42. Ke1 Rc1# 0-1

[Event "Late-Titled-Tuesday-Blitz-March-19-2024"]
[Site "Chess.com"]
[Date "2024.03.19"]
[Round "8"]
[White "sacrifoice"]
[Black "Julianos82"]
[Result "0-1"]
[WhiteElo "2250"]
[BlackElo "2401"]
[TimeControl "180+1"]
[EndTime "15:27:34 PDT"]
[Termination "Julianos82 won by resignation"]

1. e4 c5 2. Nf3 b6 3. c3 Bb7 4. Qc2 e6 5. d4 cxd4 6. cxd4 Nc6 7. a3 Rc8 8. Qd3 Nf6 9. Nc3 d5 10. e5 Ne4 11. Bd2 Be7 12. Be2 f5 13. exf6 Bxf6 14. Nxe4 dxe4 15. Qxe4 Nxd4 16. Qxb7 Nc2+ 17. Kf1 Nxa1 18.
Bb5+ Kf8 19. g3 h5 20. h4 Rc7 21. Qe4 Qd5 22. Bb4+ Kf7 23. Qe2 Rc1+ 24. Kg2 Rxh1 25. Kxh1 Rc8 26. Bd3 Nb3 27. Be4 Qc4 28. Qe3 Qf1+ 29.
Kh2 Rc1 30. Ng5+ Bxg5 31. hxg5 Qg1+ 32. Kh3 Qd1 33. Qf4+ Ke8 34. Qf8+ Kd7 35. Qe7+ Kc8 36.
Bb7+ Kb8 37. Bd6+ Qxd6 38. Qxd6+ Kxb7 39. Qxe6 Nc5 40. Qf7+ Ka6 41. Qxg7 Ne4 42. Qd4 Nxg5+ 43. Kh4 Nf3+ 0-1

[Event "Late-Titled-Tuesday-Blitz-March-19-2024"]
[Site "Chess.com"]
[Date "2024.03.19"]
[Round "8"]
[White "Boorchess"]
[Black "SuanFernandes"]
[Result "0-1"]
[WhiteElo "2527"]
[BlackElo "2326"]
[TimeControl "180+1"]
[EndTime "15:27:36 PDT"]
[Termination "SuanFernandes won by resignation"]

1. d4 d5 2. c4 e6 3. Nf3 Nf6 4. g3 dxc4 5. Bg2 c5 6. O-O Nc6 7. dxc5 Qxd1 8. Rxd1 Bxc5 9. Nbd2 c3 10. bxc3 O-O 11.
Nb3 Be7 12. c4 Bd7 13. Bb2 Rfc8 14. Bxf6 Bxf6 15. Rxd7 Bxa1 16. Nxa1 Rd8 17. Rxd8+ Rxd8 18. Nc2 Rd1+ 19. Nfe1 Rb1 20. f4 Na5 21. c5 Rb5 22. Nd3 Nc4 23. Kf2 a5 24. h4 Rb1 25. g4 a4 26. f5 a3 27. fxe6 fxe6 28. Ncb4 Ne5 29. Nxe5 Rxb4 30. Ke3 Rb2 31. Nd3 Rxa2 32. Bxb7 Rxe2+ 33.
Kxe2 a2 34. c6 a1=Q 35. c7 Qa2+ 36. Ke3 Qa7+ 37. Nc5 Qxc5+ 38. Ke4 Qxc7 0-1

[Event "Late-Titled-Tuesday-Blitz-March-19-2024"]
[Site "Chess.com"]
[Date "2024.03.19"]
[Round "8"]
[White "Fonsofan"]
[Black "TigrVShlyape"]
[Result "1-0"]
[WhiteElo "2753"]
[BlackElo "2923"]
[TimeControl "180+1"]
[EndTime "15:27:37 PDT"]
[Termination "Fonsofan won on time"]

1. b4 d5 2. Bb2 Bf5 3. e3 e6 4. Nf3 Nf6 5. b5 Nbd7 6. c4 Nc5 7. d4 Nce4 8. Nfd2 Bb4 9. f3 Nxd2 10. Nxd2 O-O 11. Kf2 c6 12. Nb3 dxc4 13. Bxc4 cxb5 14.
Bxb5 Rc8 15. Bd3 Nd5 16. e4 Bc3 17. Rb1 Bxb2 18. Rxb2 Nc3 19. Qd2 Bg6 20. Rc1 Qh4+ 21.
Kg1 Na4 22. Rbc2 Rxc2 23. Rxc2 a6 24. Qa5 b5 25. Qxa6 Qe1+ 26. Bf1 Nc3 27. Qc6 b4 28. Qc4 Qe3+ 29. Kh1 Qe1 30. Kg1 Rb8 31. Qd3 Ra8 32. Qd2 Qh4 33. Nc5 Qd8 34. Rb2 Qa5 35. Nb3 Qa3 36. g3 Nxa2 37. Nc5 1-0

[Event "Late-Titled-Tuesday-Blitz-March-19-2024"]
[Site "Chess.com"]
[Date "2024.03.19"]
[Round "8"]
[White "Rodalquilar"]
[Black "RantomOpening"]
[Result "0-1"]
[WhiteElo "2747"]
[BlackElo "2606"]
[TimeControl "180+1"]
[EndTime "15:27:38 PDT"]
[Termination "RantomOpening won on time"]

1. d4 d5 2. Nf3 e6 3. Bf4 Nf6 4. e3 Bd6 5. Nbd2 O-O 6. c3 c5 7. Bd3 Qc7 8. Bxd6 Qxd6 9. Ne5 Nbd7 10. f4 b5 11. g4 c4 12. Bc2 b4 13. g5 Ne8 14. Qh5 f5 15. gxf6 Nexf6 16. Qh4 bxc3 17. bxc3 Qa3 18. Ke2 Qxc3 19. Rac1 Qa3 20. Rhg1 c3 21. Rxg7+ Kxg7 22. Rg1+ Kh8 23. Qh6 Ba6+ 24. Kf3 Nxe5+ 25. dxe5 Qe7 26. Rg6 Ng8 27. Rxe6 Nxh6 28. Rxe7 Nf5 29. Bxf5 Rxf5 30. Nb3 Bc4 31. Nd4 Rh5 32. f5 Rh4 33. f6 Rxd4 34. f7 Kg7 35. e6 Rf8 36. Rc7 Rd1 37. Kg2 Rf1 38. e7 R1xf7 39. exf8=Q+ Kxf8 40. Rc8+ Kg7 41. e4 c2 0-1

[Event "Late-Titled-Tuesday-Blitz-March-19-2024"]
[Site "Chess.com"]
[Date "2024.03.19"]
[Round "8"]
[White "Mikasinski"]
[Black "prochn"]
[Result "1-0"]
[WhiteElo "2649"]
[BlackElo "2491"]
[TimeControl "180+1"]
[EndTime "15:27:41 PDT"]
[Termination "Mikasinski won on time"]

1. e4 c6 2. d4 d5 3. e5 Bf5 4. h4 h5 5. Bg5 Qb6 6. Bd3 Bxd3 7. Qxd3 Qa6 8. Qh3 e6 9. Ne2 Ne7 10. Nd2 Nd7 11. c3 c5 12. Nb3 Nc6 13.
Qf3 cxd4 14. cxd4 Bb4+ 15. Bd2 Rc8 16. O-O Bxd2 17. Nxd2 Qb6 18. Nb3 a5 19. Rfc1 a4 20. Nc5 Nxc5 21. Rxc5 Qxb2 22. Rac1 Ke7 23. Qe3 Qb6 24. Qa3 Kd7 25. Qxa4 Ra8 26. Qc2 Ra3 27. Rb1 Qa6 28. Rcb5 Rb8 29. R1b2 Kc7 30. Qc5 Rxa2 31. Qd6+ Kc8 32. Rxa2 Qxb5 33. Qf8+ Nd8 34. Rc2+ Kd7 35.
Qd6+ Ke8 36. Qxb8 Qd3 37. Qc8 1-0

[Event "Late-Titled-Tuesday-Blitz-March-19-2024"]
[Site "Chess.com"]
[Date "2024.03.19"]
[Round "8"]
[White "jaskol95"]
[Black "Slovak_fighter2000"]
[Result "0-1"]
[WhiteElo "2497"]
[BlackElo "2587"]
[TimeControl "180+1"]
[EndTime "15:27:41 PDT"]
[Termination "Slovak_fighter2000 won by checkmate"]

1. d4 Nf6 2. Nc3 d5 3. Bf4 e6 4. Nb5 Na6 5. e3 c6 6. Nc3 Qb6 7.
Rb1 Bb4 8. Bd3 O-O 9. Nf3 Ne4 10. O-O f5 11. Ne5 Qd8 12. Nxe4 fxe4 13. Bxa6 bxa6 14. Nxc6 Qb6 15. Nxb4 Qxb4 16. c3 Qb5 17. a4 Qc6 18.
a5 Bd7 19. Be5 Rf7 20. Qg4 Qc4 21. h4 Raf8 22. h5 h6 23. Qg3 Qe2 24. Bf4 Qxh5 25.
b3 Bb5 26. c4 dxc4 27. bxc4 Bxc4 28. Rfc1 Bd5 29. Rb2 Rf6 30. Qh3 Qxh3 31. gxh3 R8f7 32. Rc8+ Kh7 33. Rbb8 g5 34. Be5 Rf3 35. Rh8+ Kg6 36.
Rbg8+ Kh5 37. Bg7 Rxg7 38. Rxg7 Rxh3 39. Kg2 Kg4 40. Rgh7 h5 41. Rxa7 Bc4 42. Rg7 Rf3 43. Rhg8 Rf5 44. Rh8 Be2 45. Rh6 Bf3+ 46. Kg1 Rxa5 47.
Kh2 Ra1 48. Rxg5+ Kxg5 49. Rxe6 Rh1+ 50. Kg3 h4# 0-1

[Event "Late-Titled-Tuesday-Blitz-March-19-2024"]
[Site "Chess.com"]
[Date "2024.03.19"]
[Round "8"]
[White "DucksParadise"]
[Black "tylityli"]
[Result "1-0"]
[WhiteElo "2500"]
[BlackElo "2328"]
[TimeControl "180+1"]
[EndTime "15:27:42 PDT"]
[Termination "DucksParadise won on time"]

1. d4 Nf6 2. c4 e6 3. Nc3 Bb4 4. e3 Bxc3+ 5. bxc3 d6 6. Bd3 e5 7. e4 Qe7 8. f3 Nc6 9. Ne2 h6 10. O-O g5 11. Rb1 b6 12. Be3 Na5 13. c5 O-O 14. cxd6 cxd6 15. h4 Nh7 16. hxg5 hxg5 17. g4 Be6 18. Kg2 Nc4 19. Bc1 Rac8 20. Ng3 f6 21. Rh1 Rf7 22. Rh6 Qf8 23. Qh1 Qg7 24. Qh3 Nf8 25. d5 Bd7 26. Bxc4 Rxc4 27. Bd2 Ng6 28. Rh1 Nh4+ 29. Rxh4 gxh4 30. Qxh4 Qh7 31. Nh5 Kf8 32. Kf2 Ke8 33. Nxf6+ Rxf6 34. Qxh7 Rf7 35.
Qh8+ Ke7 36. Bg5+ 1-0

[Event "Late-Titled-Tuesday-Blitz-March-19-2024"]
[Site "Chess.com"]
[Date "2024.03.19"]
[Round "8"]
[White "schondeln"]
[Black "Jamal-Jamal-Jamal"]
[Result "1-0"]
[WhiteElo "2386"]
[BlackElo "2257"]
[TimeControl "180+1"]
[EndTime "15:27:43 PDT"]
[Termination "schondeln won on time"]

1. e4 c5 2. Nf3 Nc6 3. Bb5 e5 4. O-O Qc7 5. c3 a6 6. Ba4 b5 7. Bc2 Nf6 8. a4 Bb7 9. axb5 axb5 10. Rxa8+ Bxa8 11. Na3 Qb8 12. Qe2 b4 13. Nc4 b3 14.
Bb1 Be7 15. Ne3 O-O 16. Bd3 Na7 17. Nf5 Re8 18. Ng3 Bf8 19. Bc4 d5 20. exd5 Bxd5 21. Bxd5 Nxd5 22. d3 Nc6 23. Be3 Nf4 24. Qd1 Nd5 25.
Re1 f6 26. Ne4 Nxe3 27. fxe3 Rd8 28. Qe2 c4 29. d4 exd4 30. exd4 Qb5 31. Ned2 Na5 32.
Qe6+ Kh8 33. h3 Qa4 34. Qb6 Nc6 35. Re6 Rb8 36. Qxc6 Qa1+ 37. Kh2 Qxb2 38. Re8 Rxe8 39. Qxe8 Kg8 40. Qe6+ Kh8 41. Qxc4 Qc2 42. Qxb3 1-0

[Event "Late-Titled-Tuesday-Blitz-March-19-2024"]
[Site "Chess.com"]
[Date "2024.03.19"]
[Round "8"]
[White "Schattman"]
[Black "sansanathalia"]
[Result "1/2-1/2"]
[WhiteElo "2503"]
[BlackElo "2400"]
[TimeControl "180+1"]
[EndTime "15:27:45 PDT"]
[Termination "Game drawn by repetition"]

1. c4 Nf6 2. b3 e6 3. Nf3 d5 4. Bb2 Be7 5. e3 O-O 6. Nc3 b6 7. cxd5 Nxd5 8. Nxd5 exd5 9. Be2 Bb7 10. O-O c5 11. d4 Nd7 12. Rc1 Rc8 13. a3 Nf6 14. dxc5 bxc5 15. Ne5 Qb6 16. Bf3 Rfd8 17. Qc2 a5 18. a4 h6 19. Rfd1 Bd6 20. Ng4 Nxg4 21. Bxg4 Rc7 22. Bf3 Bf8 23. g3 c4 24. Qc3 Rdc8 25. bxc4 Rxc4 26. Qd2 Bb4 27. Qd3 Rxc1 28. Rxc1 Rxc1+ 29. Bxc1 Qc6 30. Bb2 Be7 31. Qb3 Bb4 32. h4 Kf8 33. Kg2 Qd7 34. Bc3 Bxc3 35. Qxc3 Qxa4 36.
Qc5+ Kg8 37. Qc7 Qb5 38. Qd8+ Kh7 39. Qe7 a4 40. Qxf7 a3 41. Qf5+ Kg8 42. Qe6+ Kh7 43. Qf5+ Kg8 44. Qe6+ Kh7 45. Qf5+ 1/2-1/2

[Event "Late-Titled-Tuesday-Blitz-March-19-2024"]
[Site "Chess.com"]
[Date "2024.03.19"]
[Round "8"]
[White "Jospem"]
[Black "KaydenTroffChess"]
[Result "1-0"]
[WhiteElo "3056"]
[BlackElo "2853"]
[TimeControl "180+1"]
[EndTime "15:27:46 PDT"]
[Termination "Jospem won by resignation"]

1. e4 c5 2. Nf3 g6 3. c3 Nf6 4. Bd3 Bg7 5. h3 O-O 6. Bc2 Nc6 7. O-O e5 8. d3 d5 9. Bg5 d4 10. Nbd2 dxc3 11. bxc3 b6 12. Nc4 Qc7 13. Bxf6 Bxf6 14. Ne3 Be6 15. Bb3 Rad8 16. Nd5 Bxd5 17. Bxd5 Ne7 18. Bc4 h6 19. a4 Kh7 20. Qb3 Nc6 21.
Bd5 Kg7 22. Rfd1 Ne7 23. Bc4 Nc6 24. Qc2 Rd7 25. Bd5 Ne7 26. c4 Nc6 27. Qe2 a5 28. g3 Nb4 29. Nh2 Re7 30. h4 h5 31. Nf1 Ree8 32.
Ne3 Qd7 33. Kh2 Rh8 34. Qf3 Ref8 35. Kg2 Bd8 36. Qe2 Bf6 37. Rf1 Qe7 38. Rae1 Qd7 39. Qd1 Qe7 40. Rh1 Qd7 41. Reg1 Qe7 42. g4 Qd7 43. Kf1 hxg4 44. h5 Bg5 45. Nxg4 Qe7 46. Qf3 f5 47. Nxe5 Qxe5 48. Rxg5 Rh6 49. Rxg6+ Rxg6 50. hxg6 fxe4 51. Rh7+ Kxg6 52. Bxe4+ Rf5 53. Bxf5+ Qxf5 54. Rg7+ Kxg7 55. Qxf5 1-0

[Event "Late-Titled-Tuesday-Blitz-March-19-2024"]
[Site "Chess.com"]
[Date "2024.03.19"]
[Round "8"]
[White "VladimirKramnik"]
[Black "atbenina64"]
[Result "0-1"]
[WhiteElo "2976"]
[BlackElo "2750"]
[TimeControl "180+1"]
[EndTime "15:27:46 PDT"]
[Termination "atbenina64 won on time"]

1. e4 c5 2. Nf3 d6 3. d4 cxd4 4.
Nxd4 Nf6 5. Nc3 a6 6. g3 e5 7. Nf3 Be7 8. Nh4 O-O 9. Bg2 g6 10.
O-O Nbd7 11. a4 Re8 12. Re1 b6 13. Bg5 Bb7 14. Nf3 Rc8 15. Nd2 Kg7 16. Nf1 h6 17. Bd2 Nc5 18. Qc1 h5 19. Bh6+ Kh7 20. Bg5 Ne6 21.
Bxf6 Bxf6 22. Qd1 Nd4 23. h4 b5 24. axb5 axb5 25. Ne3 b4 26. Ncd5 Bxd5 27. Nxd5 Nxc2 28. Ra7 Kg7 29. Rf1 Nd4 30. Kh2 Bxh4 31. f4 Rf8 32. f5 Bxg3+ 33. Kxg3 Qg5+ 34. Kh3 Rc2 35. Qxc2 Nxc2 36.
fxg6 Qxg6 37. Kh2 Nd4 38. Rg1 Ne2 39. Rf1 Qg3+ 40. Kh1 Qh4+ 0-1